Map: Ruins of Seras

Players

ZergZingZing - Winner!

  • Race: Zerg Zerg
  • League: Diamond

Chris (MCanning)

  • Race: Protoss Protoss
  • League: Master

VOD

Have the link to the VOD?

Description

Time

  • Played on: Nov. 13, 2015, 12:05 a.m.
  • Length: 10:29
Show
View Real Time Build Order
Export as new Build Order

ZergZingZing Zerg - Winner!

Build Orders: Hatch First 

Get SALT Encoding   

  12  0:01  Drone  
  13  0:13  Overlord  
  13  0:18  Drone  
  14  0:31  Drone x2  
  16  0:36  Drone  
  17  0:53  Hatchery  
  17  0:56  Drone  
  17  1:10  Spawning Pool  
  16  1:14  Drone  
  17  1:21  Drone x2  
  17  1:24  Extractor  
  18  1:29  Overlord  
  18  1:39  Drone  
  19  1:50  Drone  
  20  1:57  Queen  
  20  2:00  Zergling x2  
  23  2:04  Queen  
  23  2:05  Drone  
  26  2:11  Drone  
  27  2:16  Drone  
  28  2:24  Drone  
  28  2:25  Metabolic Boost  
  28  2:28  Drone  
  30  2:33  Drone  
  31  2:38  Overlord  
  31  2:45  Drone  
  31  2:50  Drone  
  33  2:56  Evolution Chamber, Drone  
  33  3:02  Drone, Queen  
  35  3:18  Drone x4  
  35  3:19  Drone  
  40  3:20  Hatchery  
  40  3:25  Overlord  
  39  3:30  Zerg Ground Armor Level 1  
  39  3:44  Zergling x12  
  39  3:45  Zergling x2  
  39  3:48  Overlord  
  46  3:53  Drone x3  
  49  4:00  Evolution Chamber, Overlord  
  48  4:03  Drone  
  48  4:07  Drone  
  50  4:11  Spore Crawler  
  50  4:13  Overlord  
  49  4:18  Spore Crawler  
  49  4:20  Drone x5  
  49  4:21  Drone  
  54  4:27  Drone x2  
  55  4:33  Drone x2  
  55  4:35  Drone  
  55  4:36  Lair  
  58  4:39  Extractor  
  58  4:40  Extractor  
  58  4:41  Extractor  
  58  4:43  Drone x2  
  57  4:45  Drone  
  58  4:54  Drone x5  
  63  5:05  Drone x2  
  63  5:06  Drone  
  66  5:07  Zerg Melee Weapons Level 1  
  66  5:09  Drone x3  
  66  5:12  Overlord  
  69  5:15  Overlord  
  69  5:21  Spore Crawler  
  68  5:27  Drone x5  
  73  5:29  Overlord x2  
  73  5:38  Spire, Zergling x4  
  73  5:39  Zergling x4  
  76  5:49  Zerg Ground Armor Level 2  
  75  6:00  Baneling Nest  
  75  6:01  Zergling x2  
  75  6:02  Zergling x22  
  85  6:07  Drone  
  85  6:11  Drone  
  87  6:12  Overseer  
  87  6:21  Drone x3, Extractor  
  87  6:22  Extractor  
  87  6:25  Overlord  
  88  6:30  Hatchery, Overseer  
  87  6:36  Drone x5  
  87  6:38  Zergling x10  
  97  6:54  Drone x3  
  99  6:55  Drone x2  
  99  7:00  Mutalisk x4  
  99  7:01  Mutalisk  
  110  7:07  Mutalisk x2  
  113  7:10  Overlord x6  
  111  7:23  Drone x3  
  111  7:27  Mutalisk  
  115  7:37  Zergling x2  
  115  7:38  Zergling x10  
  115  7:39  Extractor  
  115  7:41  Mutalisk  
  115  7:42  Mutalisk  
  115  7:43  Extractor  
  123  7:46  Zerg Flyer Weapons Level 1  
  123  7:47  Mutalisk  
  123  7:48  Mutalisk, Zerg Melee Weapons Level 2  
  128  7:51  Drone x4  
  131  7:59  Drone x3  
  131  8:02  Spore Crawler  
  131  8:03  Mutalisk x2, Spine Crawler  
  131  8:05  Zergling x4  
  136  8:12  Mutalisk  
  136  8:13  Mutalisk, Zergling x2  
  138  8:20  Mutalisk  
  138  8:23  Drone x3  
  138  8:24  Drone x3  
  146  8:30  Infestation Pit  
  146  8:33  Spine Crawler  
  146  8:34  Hatchery, Spine Crawler x2  
  143  8:35  Mutalisk  
  143  8:42  Drone x4  
  143  8:43  Drone x5, Spine Crawler  
  143  8:44  Spine Crawler x2  
  149  8:54  Overlord  
  149  8:55  Overlord x2  
  149  8:57  Zergling x2  
  149  8:58  Zergling x8  
  139  9:13  Zergling x16  
  139  9:15  Zergling x2  
  132  9:17  Hive  
  132  9:18  Zergling x2  
  132  9:19  Zergling x2  
  132  9:22  Zergling x2  
  120  9:28  Zergling x6  
  120  9:29  Hydralisk Den, Zergling x8  
  120  9:31  Pneumatized Carapace, Zergling x4  
  123  9:34  Zergling x4  
  123  9:35  Zergling x4  
  123  9:37  Spore Crawler  
  127  9:39  Zergling x2  
  127  9:40  Spore Crawler  
  127  9:43  Zergling x2  
  127  9:44  Zergling x2  
  123  9:47  Overlord x2  
  123  9:50  Zergling x4  
  125  9:53  Baneling x6  
  125  9:54  Zergling x2, Baneling x8  
  125  9:57  Zergling x10  
  125  9:58  Zergling x6  
  133  10:00  Overlord x2, Zergling x2  
  133  10:03  Overlord  
Show
View Real Time Build Order
Export as new Build Order

Chris Protoss 

Build Orders: 1 Gate Expand 

Get SALT Encoding   

  12  0:01  Probe (Chrono Boost)  
  13  0:12  Probe (Chrono Boost)  
  14  0:23  Pylon  
  14  0:24  Probe (Chrono Boost)  
  15  0:41  Probe (Chrono Boost)  
  16  0:48  Gateway  
  16  0:52  Probe (Chrono Boost)  
  17  1:02  Probe (Chrono Boost)  
  18  1:13  Probe (Chrono Boost)  
  19  1:18  Nexus  
  19  1:28  Assimilator  
  19  1:32  Probe (Chrono Boost), Assimilator  
  20  1:42  Pylon  
  20  1:43  Probe (Chrono Boost)  
  21  1:53  Probe (Chrono Boost)  
  24  2:04  Cybernetics Core, Probe (Chrono Boost)  
  24  2:15  Probe (Chrono Boost)  
  24  2:19  Pylon  
  24  2:26  Probe (Chrono Boost)  
  25  2:32  Probe (Chrono Boost)  
  25  2:36  Probe (Chrono Boost)  
  29  2:40  Adept (Chrono Boost)  
  29  2:42  Mothership Core  
  30  2:48  Probe  
  30  2:49  Warp Gate (Chrono Boost)  
  31  3:00  Probe (Chrono Boost)  
  31  3:03  Probe (Chrono Boost)  
  31  3:04  Stalker  
  35  3:11  Probe (Chrono Boost)  
  36  3:14  Probe (Chrono Boost)  
  36  3:18  Gateway  
  37  3:20  Gateway  
  37  3:22  Probe (Chrono Boost)  
  37  3:24  Probe (Chrono Boost)  
  39  3:32  Pylon  
  40  3:34  Sentry  
  40  3:35  Probe x2 (Chrono Boost)  
  43  3:46  Probe (Chrono Boost)  
  43  3:47  Probe (Chrono Boost)  
  45  3:50  Pylon  
  45  3:56  Probe (Chrono Boost)  
  45  3:59  Probe (Chrono Boost)  
  45  4:00  Robotics Facility  
  45  4:01  Sentry  
  49  4:07  Probe (Chrono Boost)  
  49  4:08  Sentry  
  53  4:11  Probe (Chrono Boost)  
  53  4:12  Assimilator  
  53  4:15  Assimilator  
  53  4:17  Probe (Chrono Boost)  
  53  4:18  Pylon  
  53  4:23  Probe (Chrono Boost)  
  55  4:28  Probe (Chrono Boost), Gateway  
  56  4:35  Probe (Chrono Boost)  
  56  4:36  Pylon  
  58  4:38  Probe (Chrono Boost)  
  58  4:46  Forge  
  58  4:48  Observer (Chrono Boost)  
  58  4:51  Pylon  
  59  4:52  Gateway  
  59  4:54  Gateway  
  59  5:06  Robotics Bay, Warp Prism (Chrono Boost)  
  61  5:12  Zealot x2  
  61  5:14  Zealot  
  67  5:21  Protoss Ground Weapons Level 1 (Chrono Boost)  
  67  5:27  Twilight Council  
  67  5:35  Probe  
  68  5:37  Pylon  
  68  5:42  Probe  
  68  5:47  Adept  
  68  5:48  Adept x3  
  77  5:55  Disruptor (Chrono Boost)  
  77  5:57  Probe  
  77  6:02  Pylon  
  81  6:11  Nexus, Zealot  
  81  6:16  Pylon  
  81  6:17  Probe, Pylon  
  84  6:25  Disruptor  
  84  6:27  Adept  
  89  6:33  Blink  
  89  6:35  Probe  
  90  6:43  Stargate  
  90  6:45  Probe, Stargate  
  91  6:53  Stargate  
  91  6:55  Pylon  
  91  6:57  Zealot  
  91  6:58  Zealot  
  91  7:00  Adept  
  97  7:03  Zealot  
  91  7:17  Pylon  
  91  7:18  Probe  
  91  7:21  Probe x2, Pylon  
  93  7:25  Assimilator  
  93  7:27  Assimilator  
  93  7:29  Fleet Beacon  
  94  7:30  Probe  
  95  7:37  Phoenix (Chrono Boost)  
  95  7:42  Phoenix (Chrono Boost)  
  101  7:45  Probe, Phoenix (Chrono Boost)  
  102  8:01  Phoenix (Chrono Boost)  
  102  8:03  Photon Cannon  
  102  8:04  Photon Cannon  
  104  8:06  Pylon, Phoenix (Chrono Boost)  
  104  8:09  Zealot  
  104  8:12  Anion Pulse-Crystals (Chrono Boost)  
  106  8:18  Zealot  
  106  8:23  Phoenix (Chrono Boost)  
  106  8:25  Phoenix (Chrono Boost)  
  106  8:27  Phoenix (Chrono Boost)  
  106  8:29  Probe x3  
  107  8:41  Probe x3, Zealot x3  
  114  8:50  Pylon  
  114  8:53  Probe x2  
  116  8:59  Phoenix x2 (Chrono Boost)  
  110  9:12  Zealot x2  
  110  9:16  Phoenix (Chrono Boost)  
  120  9:24  Phoenix x2 (Chrono Boost)  
  120  9:25  Adept x4  
  120  9:31  Probe  
  129  9:36  Photon Cannon  
  129  9:37  Photon Cannon  
  129  9:49  Zealot x2  
  129  9:50  Zealot x2  
  137  9:59  Probe, Zealot x2  
  140  10:08  Templar Archives  
  140  10:13  Sentry x2  
  140  10:14  Sentry  
Tags
 
Add a new tag
Caveats
  • Supply blocks, unpowered buildings, or Contaminate may cause inaccurate times.
  • Supply counts are checked every 10 seconds.